 Dungeon Crawl Stone Soup version 0.30-a0-368-g86fb4627a9 (webtiles) character file.

Game seed: 3187075066671914573

114 lunkers the Cudgeller (level 4, -1/37 (38) HPs)
             Began as an Armataur Reaver on Nov 18, 2022.
             Slain by a goblin
             ... wielding a +0 dagger
             ... led by Robin
              (2 damage)
             ... on level 3 of the Dungeon.
             The game lasted 00:05:27 (1771 turns).

lunkers the Cudgeller (Armataur Reaver)             Turns: 1771, Time: 00:05:27

HP:   -1/37 (38)    AC:  4    Str: 18    XL:     4   Next: 66%
MP:   6/6           EV:  9    Int: 13    God:
Gold: 154           SH:  0    Dex: 10    Spells: 5/6 levels left

rFire   . . .      SeeInvis +    a - +0 mace
rCold   . . .      Faith    .    (no shield)
rNeg    . . .      Spirit   .    b - +0 leather armour
rPois   .          Reflect  .    (no helmet)
rElec   .          Harm     .    (no cloak)
rCorr   .          Roll     +    (no gloves)
Will    .....                    (no barding)
Stlth   +.........               (no amulet)
HPRegen 0.26/turn                i - ring of see invisible
MPRegen 0.10/turn                (no ring)

@: lightly drained
A: large, rugged brown scales 3, deformed body, armoured tail, roll, long
tongue, awkward tongue
a: no special abilities


You were on level 3 of the Dungeon.
You visited 1 branch of the dungeon, and saw 3 of its levels.

You collected 154 gold pieces.

Inventory:

Hand Weapons
 a - a +0 mace (weapon)
Missiles
 h - 3 poisoned darts
Armour
 b - a +0 leather armour (worn)
 d - a +0 kite shield
Jewellery
 i - a ring of see invisible (left hand)
Wands
 o - a wand of flame (5)
Scrolls
 c - a scroll of immolation {unknown}
 e - 5 scrolls of identify {unknown}
 f - a scroll of vulnerability {unknown}
 n - a scroll of teleportation {unknown}
 p - a scroll of noise {unknown}
 q - a scroll of magic mapping {unknown}
Potions
 g - 2 potions of might {unknown}
 j - a potion of curing {unknown}
 k - a potion of haste {unknown}
 l - a potion of lignification {unknown}
 m - a potion of flight {unknown}


   Skills:
 - Level 1.7 Fighting
 + Level 5.0 Maces & Flails
 - Level 1.3 Dodging
 - Level 1.7 Spellcasting
 - Level 2.6 Conjurations


You had 5 spell levels left.
You knew the following spells:

 Your Spells              Type           Power      Damage    Failure   Level
p - Kiss of Death         Conj/Necr      16%        2d6       19%         1

Your spell library contained the following spells:

 Spells                   Type           Power      Damage    Failure   Level
 Momentum Strike          Conj/Tloc      8%         3d8       26%         2
 Hailstorm                Conj/Ice       4%         3d4       47%         3


Dungeon Overview and Level Annotations

Branches:
Dungeon (3/15)

Altars:

Annotations:
D:3 Robin


Innate Abilities, Weirdness & Mutations

You are completely covered in rugged brown scales. (AC +3, +7% HP)
Armour fits poorly on your strangely shaped body.
You have a long armoured tail.
You roll when moving toward enemies. (Rampage)
Your long tongue fully drains potion bottles. (2x potion effects)
Your tongue gives you trouble enunciating. (1.5x scroll delay)


Message History

The goblin hits you with a +0 club. The goblin hits you with a +0 dagger.
* * * LOW HITPOINT WARNING * * *
The goblin closely misses you.
Robin roars a battlecry!
The goblin goes into a battle-frenzy!
You hear a shout!
The goblin completely misses you. Robin throws the goblin at you!
* * * LOW HITPOINT WARNING * * *
The goblin attacks as you move away! The goblin hits you with a +0 dagger.
* * * LOW HITPOINT WARNING * * *
The goblin attacks as you move away! The goblin hits you but does no damage.
The goblin attacks as you move away! The goblin hits you with a +0 dagger.
* * * LOW HITPOINT WARNING * * *
The goblin attacks as you move away! The goblin completely misses you.
Okay, then.
Okay, then.
You closely miss the goblin. Robin throws the goblin at you!
The goblin closely misses you. The goblin hits you with a +0 dagger.
* * * LOW HITPOINT WARNING * * *
You barely miss the goblin. The goblin hits you with a +0 dagger.
* * * LOW HITPOINT WARNING * * *
The goblin hits you with a +0 club.
* * * LOW HITPOINT WARNING * * *
You hit the goblin.
You kill the goblin!
Robin throws the goblin at you! The goblin hits you but does no damage.
You closely miss the goblin.
Your tail-slap misses the goblin.
The goblin hits you with a +0 dagger.
* * * LOW HITPOINT WARNING * * *
The goblin hits you with a +0 dagger.
* * * LOW HITPOINT WARNING * * *
The goblin hits you with a +0 dagger.
* * * LOW HITPOINT WARNING * * *
The goblin hits you but does no damage.
You hit the goblin but do no damage.
The goblin no longer looks unusually strong.
A goblin comes into view. It is wielding a +0 dagger.
The goblin hits you but does no damage. The goblin hits you with a +0 dagger.
You die...

#..... ....####
####.. ....#..
#.... ...#.#
##.##. ...#.#####
#..### #..#
.....###.## #..
####.....#
#g####.####..#####
#@ggg.............
####........######
#..g...<.# #
#........# #
#.).#####.## #
#g### #.# # ...
#.# # ###
#.#######
#........


You could see Robin and 4 goblins.

Vanquished Creatures
  Jessica (D:3)
  3 adders
  A worm (D:2)
  A dart slug (D:1)
  2 orcs
  5 endoplasms
  A giant cockroach (D:1)
  4 goblins
  6 hobgoblins
  5 quokkas
  6 ball pythons
  5 bats
  3 frilled lizards
  4 kobolds
  5 rats
52 creatures vanquished.

Notes
Turn   | Place    | Note
-------+----------+-------------------------------------------
     0 | D:1      | lunkers the Armataur Reaver began the quest for the Orb.
     0 | D:1      | Reached XP level 1. HP: 18/18 MP: 3/3
    45 | D:1      | Reached skill level 3 in Maces & Flails
    81 | D:1      | Reached XP level 2. HP: 25/25 MP: 4/4
   411 | D:1      | Reached XP level 3. HP: 31/31 MP: 5/5
   639 | D:2      | Reached skill level 4 in Maces & Flails
   906 | D:2      | Found a faded altar of an unknown god.
  1040 | D:2      | Reached XP level 4. HP: 12/31 MP: 6/6
  1277 | D:3      | Noticed Jessica
  1284 | D:3      | Killed Jessica
  1556 | D:3      | Reached skill level 5 in Maces & Flails
  1755 | D:3      | Noticed Robin
  1770 | D:3      | HP: 1/37 [goblin/+0 dagger[Robin] (3)]
  1771 | D:3      | Slain by a goblin

Illustrated notes

Levels and vault maps discovered:
D:1:      mrwooster_arrival_statue, layout_loops_cross
D:2:      layout_rooms, basic_ecumenical_altar
D:3:      layout_rooms, serial_co_window_serial, co_window_of_opportunity_a,
          co_window_of_opportunity_a, co_window_paths_a, co_window_cross_1,
          co_window_paths_b, co_window_of_opportunity_b,
          co_window_unsneaky_path_d, co_window_corner_cb, co_window_cross_4,
          co_window_cross_3, co_window_2corner, co_window_4corner_b,
          co_window_4corner_a, glass_columns_c, uniq_jessica, uniq_robin

Skill      XL: |  1  2  3  4 |
---------------+-------------+-----
Maces & Flails | 3 4 5 |  5.0
Fighting       | |  1.7
Dodging        | |  1.3
Spellcasting   | |  1.7
Conjurations   | |  2.6

Action                   |  1- 3 |  4- 6 || total
-------------------------+-------+-------++-------
Melee: Mace              |   108 |    27 ||   135
       Tailslap          |     9 |     3 ||    12
 Cast: Kiss of Death     |     2 |       ||     2
Armor: Leather armour    |    42 |    19 ||    61
Dodge: Dodged            |    58 |    11 ||    69

Table legend: (Time is in decaauts)
 A = Elapsed time spent in this place.
 B = Non-inter-level travel time spent in this place.
 C = Inter-level travel time spent in this place.
 D = Time resting spent in this place.
 E = Time spent auto-exploring this place.
 F = Levels seen in this place.
 G = Mean time per level.
                   A        B        C        D        E       F      G
               +--------+--------+--------+--------+--------+-----+--------+
         Total |   1799 |   1715 |     84 |     41 |   1332 |   3 |  599.7 |
       Dungeon |   1799 |   1715 |     84 |     41 |   1332 |   3 |  599.7 |
               +--------+--------+--------+--------+--------+-----+--------+

Top non-repeatable levels by time:
     D:1: 641 daAuts
     D:2: 586 daAuts
     D:3: 571 daAuts
